 Dungeon Crawl Stone Soup version 0.30-a0-1016-gfb0d676c02 (webtiles) character file.

Game seed: 13532075593098513927

2054 Newt the Skirmisher (level 9, 0/48 HPs)
             Began as a Kobold Hunter on Apr 6, 2023.
             Was a Follower of Hepliaklqana.
             Slain by an orc warrior
             ... wielding a +0 dire flail
              (19 damage)
             ... on level 7 of the Dungeon.
             The game lasted 00:06:33 (7465 turns).

Newt the Skirmisher (Kobold Hunter)                 Turns: 7465, Time: 00:06:33

Health: 0/48       AC:  6    Str: 12    XL:     9   Next: 49%
Magic:  9/9        EV: 23    Int:  9    God:    Hepliaklqana [*.....]
Gold:   349        SH:  9    Dex: 22    Spells: 8/8 levels left

rFire   . . .      SeeInvis .    a - +4 shortbow
rCold   . . .      Faith    .    (shield currently unavailable)
rNeg    . . .      Spirit   .    c - +0 leather armour
rPois   .          Reflect  +    i - +0 helmet
rElec   .          Rampage  .    w - +0 cloak
rCorr   .                        k - +0 pair of gloves
Will    .....                    (no boots)
Stlth   +++                      j - amulet of reflection
HPRegen 0.28/turn                l - +5 ring of evasion
MPRegen 0.11/turn                (no ring)

@: no status effects
A: reduced essence, small, no large weapons, nightstalker 3, large bone plates
1, strong 1, subdued magic 1
a: Renounce Religion, Recall Ancestor, Ancestor Identity


You were on level 7 of the Dungeon.
You worshipped Hepliaklqana.
Hepliaklqana was aware of your devotion.
You visited 2 branches of the dungeon, and saw 8 of its levels.
You also visited: Sewer.

You collected 394 gold pieces.
You spent 45 gold pieces at shops.

Inventory:

Hand Weapons
 a - a +4 shortbow (weapon)
 y - a +0 spear
Missiles
 q - 4 boomerangs of dispersal
Armour
 c - a +0 leather armour (worn)
 i - a +0 helmet (worn)
 k - a +0 pair of gloves (worn)
 w - a +0 cloak (worn)
Jewellery
 j - an amulet of reflection (around neck)
 l - a +5 ring of evasion (left hand)
 A - an amulet of faith
 B - an amulet of regeneration
Wands
 o - a wand of charming (5)
 z - a wand of acid (6)
Scrolls
 b - 2 scrolls of immolation
 d - 3 scrolls of teleportation
 e - 2 scrolls of blinking
Potions
 f - a potion of mutation
 g - 3 potions of flight
 h - 4 potions of might
 m - 3 potions of haste
 n - 3 potions of attraction
 p - a potion of ambrosia
 r - 2 potions of magic
 s - a potion of cancellation
 t - a potion of invisibility
 u - 2 potions of heal wounds
 v - 2 potions of curing
 x - a potion of brilliance {unknown}


   Skills:
 + Level 5.0 Fighting
 - Level 14.0 Ranged Weapons
 - Level 6.0 Dodging
 - Level 1.3 Stealth


You had 8 spell levels left.
You didn't know any spells.
Your spell library contained the following spells:

 Spells                   Type           Power      Damage    Failure   Level
 Blink                    Tloc           0%         N/A       56%         2
 Portal Projectile        Hex/Tloc       0%         N/A       80%         3
 Summon Guardian Golem    Hex/Summ       0%         N/A       80%         3
 Tukima's Dance           Hex            0%         N/A       80%         3
 Manifold Assault         Tloc           0%         N/A       99%         4
 Blade Hands              Tmut           0%         N/A       100%        5
 Orb of Destruction       Conj           0%         9d5       100%        7
 Spellforged Servitor     Conj/Summ      0%         N/A       100%        7
 Storm Form               Tmut/Air       0%         N/A       100%        7


Dungeon Overview and Level Annotations

Branches:
Dungeon (7/15)             Temple (1/1) D:6           Sewer (visited)

Altars:
Ashenzari
Cheibriados
Hepliaklqana
Nemelex Xobeh
Okawaru
Vehumet
Wu Jian
Xom

Shops:
D:5 !


Innate Abilities, Weirdness & Mutations

Your life essence is reduced to manifest your ancestor. (-10% HP)
You are small and have problems with some larger weapons.
You are completely attuned to the shadows.
You are partially covered in large bone plates. (SH +4)
Your muscles are strong. (Str +4, Int/Dex -1)
Your spells are a little easier to cast, but a little less powerful.


Message History

Press: ? - help, Shift-Dir - straight line, f/p - orc priest
Aim: an orc priest, wielding a +0 club and wearing a +0 leather armour (severely wounded, ally target, 73% to hit)
You shoot an arrow. Tertia avoids your attack.
The arrow closely misses the orc priest.
The arrow hits the orc!
You kill the orc!
Tertia closely misses the orc priest.
The orc hits Tertia with a +0 flail.
The orc priest hits Tertia with a +0 club.
The orc warrior hits Tertia with a +0 dire flail.
Tertia is destroyed!
Fire: a) +4 shortbow
Press: ? - help, Shift-Dir - straight line, f/p - orc priest
Aim: an orc priest, wielding a +0 club and wearing a +0 leather armour (severely wounded, 73% to hit)
You shoot an arrow. The arrow hits the orc priest.
The orc priest is almost dead.
The orc priest mumbles some strange prayers to Beogh against you.
Beogh smites you!
Unknown command.
Fire: a) +4 shortbow
Press: ? - help, Shift-Dir - straight line, f/p - orc priest
Aim: an orc priest, wielding a +0 club and wearing a +0 leather armour (almost dead, 73% to hit)
You shoot an arrow. The arrow closely misses the orc.
The arrow hits the orc priest!
You kill the orc priest!
Training target 14.0 for Ranged Weapons reached!
Your Ranged Weapons skill increases to level 14!
You need to enable at least one skill for training.
Unknown command.
You shoot an arrow. The arrow hits the orc!
You kill the orc!
Unknown command.
You shoot an arrow. The arrow hits the orc warrior!
The orc warrior is moderately wounded.
The orc warrior completely misses you.
Unknown command.
You shoot an arrow.
The arrow hits the orc warrior but does no damage.
The orc warrior is moderately wounded.
The orc warrior hits you with a +0 dire flail!!
You die...

#.....###+#########+##
#............
+......[.....
#............
#....###....#
##+#####....#
.........# .........+
.....@...# +####o####
..))..... ...).....
......... o........


You could see an orc warrior.

Vanquished Creatures
  Grinder (D:5)
  A water moccasin (D:5)
  Edmund (D:6)
  An orc warrior (D:5)
  A sky beast (D:6)
  A black bear (D:6)
  A bullfrog (D:7)
  2 kobold brigands (Sewer)
  3 scorpions
  4 hounds
  An orc priest (D:7)
  3 jellies (D:6)
  Crazy Yiuf (D:5)
  5 iguanas
  2 sleepcaps (D:7)
  Natasha (twice) (D:2)
  2 orc wizards
  8 gnolls
  12 adders
  7 river rats (Sewer)
  2 shadow imps (D:6)
  2 ufetubi (D:5)
  A worm (D:2)
  4 dart slugs
  16 orcs
  5 bats
  11 endoplasms
  8 giant cockroaches
  7 goblins
  13 hobgoblins
  10 jackals
  9 quokkas
  10 ball pythons
  3 frilled lizards
  24 kobolds
  25 rats
209 creatures vanquished.

Vanquished Creatures (others)
  An ancestor (D:7)
1 creature vanquished.

Grand Total: 210 creatures vanquished

Notes
Turn   | Place    | Note
-------+----------+-------------------------------------------
     0 | D:1      | Newt the Kobold Hunter began the quest for the Orb.
     0 | D:1      | Reached XP level 1. HP: 12/12 MP: 1/1
   291 | D:1      | Reached XP level 2. HP: 18/18 MP: 2/2
   571 | D:1      | Reached XP level 3. HP: 16/23 MP: 3/3
  1176 | D:2      | Noticed Natasha
  1186 | D:2      | HP: 1/24 [Natasha (5)]
  1187 | D:2      | Killed Natasha
  1188 | D:2      | Reached XP level 4. HP: 2/30 MP: 4/4
  2027 | D:2      | Reached skill level 5 in Fighting
  2341 | D:2      | Noticed Natasha
  2349 | D:2      | Killed Natasha
  2350 | D:2      | Reached skill level 6 in Ranged Weapons
  2350 | D:2      | Reached XP level 5. HP: 35/35 MP: 5/5
  2812 | D:3      | Found a faded altar of an unknown god.
  2872 | D:3      | Found a radiant altar of Vehumet.
  3259 | D:4      | Reached skill level 7 in Ranged Weapons
  3259 | D:4      | Reached XP level 6. HP: 32/40 MP: 6/6
  3623 | D:4      | Reached skill level 8 in Ranged Weapons
  4072 | D:5      | Entered Level 5 of the Dungeon
  4117 | D:5      | Noticed a water moccasin
  4129 | D:5      | Killed a water moccasin
  4130 | D:5      | Reached skill level 9 in Ranged Weapons
  4130 | D:5      | Reached XP level 7. HP: 6/44 MP: 7/7
  4304 | D:5      | Found a glowing drain.
  4319 | Sewer    | Entered a sewer
  4450 | Sewer    | Reached skill level 10 in Ranged Weapons
  4716 | Sewer    | Reached XP level 8. HP: 40/49 MP: 8/8
  4878 | D:5      | Gained mutation: Armour fits poorly on your strangely
                  | shaped body. [potion of mutation]
  4878 | D:5      | Gained mutation: Your mind is acute. (Int +4, Str/Dex -1)
                  | [potion of mutation]
  4878 | D:5      | Gained mutation: You have sharp toenails. [potion of
                  | mutation]
  4879 | D:5      | Lost mutation: Armour fits poorly on your strangely shaped
                  | body. [potion of mutation]
  4879 | D:5      | Lost mutation: You have sharp toenails. [potion of
                  | mutation]
  4879 | D:5      | Lost mutation: Your mind is acute. (Int +4, Str/Dex -1)
                  | [potion of mutation]
  4879 | D:5      | Gained mutation: Your spells are a little easier to cast,
                  | but a little less powerful. [potion of mutation]
  4879 | D:5      | Gained mutation: You are partially covered in large bone
                  | plates. (SH +4) [potion of mutation]
  4879 | D:5      | Gained mutation: Your muscles are strong. (Str +4, Int/Dex
                  | -1) [potion of mutation]
  5001 | D:5      | Reached skill level 5 in Dodging
  5022 | D:5      | Noticed Grinder
  5026 | D:5      | Paralysed by Grinder for 5 turns
  5034 | D:5      | Killed Grinder
  5175 | D:5      | Reached skill level 11 in Ranged Weapons
  5189 | D:5      | Found a runed translucent door.
  5192 | D:5      | Noticed Crazy Yiuf
  5219 | D:5      | Found Izoceschu's Distillery.
  5225 | D:5      | Bought a potion of curing for 45 gold pieces
  5838 | D:5      | Killed Crazy Yiuf
  5921 | D:6      | Reached skill level 12 in Ranged Weapons
  5982 | D:6      | Reached XP level 9. HP: 54/54 MP: 9/9
  6113 | D:6      | Found a staircase to the Ecumenical Temple.
  6113 | D:6      | Noticed Edmund
  6124 | D:6      | Killed Edmund
  6130 | Temple   | Entered the Ecumenical Temple
  6210 | Temple   | Became a worshipper of Hepliaklqana the Forgotten
  6669 | D:6      | Reached skill level 13 in Ranged Weapons
  7289 | D:7      | Reached * piety under Hepliaklqana
  7463 | D:7      | Reached skill level 14 in Ranged Weapons
  7465 | D:7      | Slain by an orc warrior

Illustrated notes

Levels and vault maps discovered:
D:1:      minmay_arrival_semitransparent, layout_basic
D:2:      minmay_chambers_of_twos, layout_loops_corners,
          kennysheep_generic_room_13, uniq_natasha
D:3:      layout_rooms, mainiacjoe_overflow_tiny_flanked,
          hellmonk_ecumenical_altar_arch_garden, grunt_decor_mini_mirrors,
          minmay_misc_feat_alley
D:4:      layout_loops_ring
D:5:      layout_basic, serial_curves, eino_curves_04, eino_curves_04,
          eino_curves_01, serial_shops, shop_statue, gup_sewer_entry_pipe,
          uniq_crazy_yiuf_cottage, uniq_grinder
D:6:      layout_loops_corners, minmay_temple_entry_enclosed_plants,
          kennysheep_generic_room_15, uniq_edmund
D:7:      layout_gridville, general_overflow_altar
Temple:   minmay_crystal_spiral_temple

Skill      XL: |  1  2  3  4  5  6  7  8  9 |
---------------+----------------------------+-----
Fighting       | 3 4 5 |  5.0
Ranged Weapons | 6 7 9 10 12 14 | 14.0
Dodging        | 4 6 |  6.0
Stealth        | |  1.3

Action                     |  1- 3 |  4- 6 |  7- 9 || total
---------------------------+-------+-------+-------++-------
   Fire: Shortbow          |    69 |   192 |   315 ||   576
    Use: Scroll            |     4 |    10 |     4 ||    18
         Potion            |       |       |     3 ||     3
 Armour: Leather armour    |     3 |    35 |    21 ||    59
  Dodge: Dodged            |    21 |    96 |   151 ||   268
  Block: Other             |       |       |    13 ||    13
         Reflection        |       |       |     1 ||     1

Table legend: (Time is in decaauts)
 A = Elapsed time spent in this place.
 B = Non-inter-level travel time spent in this place.
 C = Inter-level travel time spent in this place.
 D = Time resting spent in this place.
 E = Time spent auto-exploring this place.
 F = Levels seen in this place.
 G = Mean time per level.
                   A        B        C        D        E       F      G
               +--------+--------+--------+--------+--------+-----+--------+
         Total |   7546 |   7291 |    255 |    594 |   5647 |   9 |  838.4 |
       Dungeon |   6867 |   6637 |    230 |    594 |   5170 |   7 |  981.0 |
        Temple |    105 |     80 |     25 |      0 |     63 |   1 |  105.0 |
         Sewer |    573 |    573 |      0 |      0 |    414 |   1 |  573.0 |
               +--------+--------+--------+--------+--------+-----+--------+

Top non-repeatable levels by time:
     D:2: 1360 daAuts
     D:5: 1268 daAuts
     D:6: 1184 daAuts
     D:1: 1137 daAuts
     D:4: 843 daAuts
     D:3: 792 daAuts
   Sewer: 573 daAuts
     D:7: 281 daAuts
  Temple: 105 daAuts
